 Dungeon Crawl Stone Soup version 0.29-a0-378-gc08b2e8bf8 (webtiles) character file.

Game seed: 5272159027380960474

140 spaghetti the Spear-Bearer (level 5, -8/55 HPs)
             Began as a Gnoll Wanderer on May 4, 2022.
             Was a Believer of Trog.
             Killed by divine providence
             ... invoked by an orc priest
              (16 damage)
             ... on level 3 of the Dungeon.
             The game lasted 00:06:09 (2385 turns).

spaghetti the Spear-Bearer (Gnoll Wanderer)         Turns: 2385, Time: 00:06:09

Health: -8/55      AC: 10    Str: 12    XL:     5   Next: 23%
Magic:  9/9        EV: 11    Int:  6    God:    Trog [**....]
Gold:   134        SH: 16    Dex: 23    Spells: 10/10 levels left

rFire   + . .      SeeInvis .   n - +2 hand axe (elec) {axe}
rCold   + . .      Faith    .   j - +2 tower shield {AC+3}
rNeg    . . .      Spirit   .   w - +2 leather armour of the Buccaneer {rElec Str-3 Dex+8}
rPois   +          Reflect  .   (no helmet)
rElec   +          Harm     .   (no cloak)
rCorr   +          Rampage  .   (no gloves)
Will    +....                   (no boots)
Stlth   ..........              (no amulet)
HPRegen 0.18/turn               m - +4 ring of evasion
MPRegen 0.11/turn               u - ring of willpower

@: berserking, resistant, very quick
A: fangs 1, strong nose, distributed training, iridescent scales 1, agile 1,
dopey 1
a: Renounce Religion, Berserk, Trog's Hand


You were on level 3 of the Dungeon.
You worshipped Trog.
Trog was pleased with you.
You visited 1 branch of the dungeon, and saw 3 of its levels.

You collected 284 gold pieces.
You spent 150 gold pieces at shops.


Innate Abilities, Weirdness & Mutations

You have very sharp teeth.
Your uncanny sense of smell can sniff out nearby items.
Your experience applies equally to all skills.
You are partially covered in iridescent scales. (AC +2)
You are agile. (Dex +2)
You are dopey. (Int -2)


   Skills:
 + Level 1.4 Fighting
 + Level 4.7 Short Blades
 + Level 1.4 Long Blades
 + Level 1.4 Axes
 + Level 1.4 Maces & Flails
 + Level 8.6 Polearms
 + Level 1.4 Staves
 + Level 1.4 Slings
 + Level 1.4 Bows
 + Level 1.4 Crossbows
 + Level 2.9 Throwing
 + Level 4.7 Armour
 + Level 1.4 Dodging
 + Level 1.4 Stealth
 + Level 1.4 Shields
 + Level 1.4 Unarmed Combat
 + Level 3.1 Spellcasting
 + Level 1.1 Conjurations
 + Level 1.1 Hexes
 + Level 1.1 Summonings
 + Level 1.1 Necromancy
 + Level 1.1 Translocations
 + Level 1.1 Transmutations
 + Level 1.1 Fire Magic
 + Level 1.1 Ice Magic
 + Level 1.1 Air Magic
 + Level 1.1 Earth Magic
 + Level 1.1 Poison Magic
 + Level 1.5 Invocations
 + Level 1.4 Evocations


You had 10 spell levels left.
You didn't know any spells.
Your spell library contained the following spells:

 Spells                   Type           Power      Damage    Failure   Level
 Malign Gateway           Summ/Tloc      1%         N/A       100%        7
 Summon Horrible Things   Summ           1%         N/A       100%        8

Inventory:

Hand Weapons
 a - a +2 spear {polearm}
 b - a +0 short sword {short}
 d - a +0 dagger {short}
 i - a +0 spear of venom {polearm}
   (You found it on level 1 of the Dungeon)
 n - a +2 hand axe of electrocution (weapon) {axe}
   (You found it on level 2 of the Dungeon)
 q - a +2 vorpal hunting sling {sling}
   (You found it on level 2 of the Dungeon)
Missiles
 c - 2 boomerangs {throwing}
 o - 3 boomerangs of dispersal {=f!fthrowing}
 r - 76 stones (quivered) {throwing}
Armour
 f - a +0 leather armour
 j - a +2 tower shield of protection (worn)
   (You bought it in a shop on level 1 of the Dungeon)
 w - the +2 leather armour of the Buccaneer (worn) {rElec Str-3 Dex+8}
   (You found it on level 2 of the Dungeon)

   Str:       It affects your strength (-3).
   Dex:       It affects your dexterity (+8).
   rElec:     It insulates you from electricity.
Jewellery
 m - a +4 ring of evasion (left hand)
   (You found it on level 2 of the Dungeon)
 u - a ring of willpower (right hand)
   (You found it on level 2 of the Dungeon)
Wands
 A - a wand of flame (16)
   (You found it on level 3 of the Dungeon)
Scrolls
 e - 2 scrolls of blinking {!r}
 k - a scroll of noise {unknown}
 l - 5 scrolls of identify {unknown}
 t - a scroll of amnesia {unknown}
 y - a scroll of immolation {unknown}
 B - a scroll of teleportation {unknown}
 C - a scroll of fog {unknown}
Potions
 p - a potion of brilliance {unknown}
 s - a potion of flight {unknown}
 v - a potion of curing {unknown}
 x - 2 potions of haste {unknown}
 z - 2 potions of might {unknown}
 D - a potion of attraction {unknown}

Dungeon Overview and Level Annotations

Branches:
Dungeon (3/15)

Altars:
Trog
Zin

Shops:
D:1

* #<# ##### #.#
#...# #(#
#..#...### ###(##
# #.?#._.'.#
...(#.# #?.#...#.#
#o)#.# ## #...#.#
#gK..#### #####.#
#.)o....# #.#
#@###.### ###.#
#.###.# #...#
#.....# #.###
#.##..# #.###
#####.##..# #...#
###.........#
###.#
######...###.##.##
#.# ##..'†#####
#.##.# #.#
####...##.# #.##.#
#.#


You could see an orc priest, an orc, a goblin and a kobold.


Message History

The orc moves out of view.
An orc wizard comes into view. It is wielding a +0 dagger.
You throw a stone {throwing}. The orc wizard shouts!
The stone {throwing} hits the orc.
You hear an angry hiss.
You throw a stone {throwing}. The orc shouts!
The stone {throwing} hits the orc but does no damage.
You hear a shout! x2
An orc priest comes into view. It is wielding a +0 trident.
An orc comes into view. It is wielding a +1 vorpal mace.
The orc shouts!
You throw a stone {throwing}.
The stone {throwing} hits the orc but does no damage.
The orc barely misses you.
A goblin comes into view. It is wielding a +0 club.
The goblin shouts!
You hit the orc. You block the orc's attack.
You hit the orc but do no damage.
A kobold comes into view.
It is wielding a +0 dagger and quivering poisoned darts.
You block the orc's attack. x2
You hit the orc.
You kill the orc!
Trog accepts your kill.
You hit the orc wizard.
The orc wizard hits you with a +0 dagger.
The orc wizard casts a spell at you.
You are confused. 😕 HP[-1]
You take 1 damage, and now have 36/37 hp.
You are too confused!
The orc wizard casts a spell.
The orc wizard flickers and vanishes!
Deactivating autopickup; reactivate with Ctrl-A.
The orc barely misses you.
Unknown command.
Unknown command.
You barely miss the orc. You miss the orc.
The orc priest looks satisfied for a moment.
The orc closely misses you.
The orc hits you with a +0 flail. 😕 HP[-4]
You take 4 damage, and now have 32/37 hp.
The orc attacks as you move away! The orc closely misses you.
Unknown command.
Unknown command.
You bump into the rock wall.
The orc priest mumbles some strange prayers to Beogh against you.
Beogh smites you!
* * * LOW HITPOINT WARNING * * *
Something hits you but does no damage.
The goblin throws a stone.
The stone barely misses you. The orc barely misses you. 😨 HP[-14]
You take 14 damage, and now have 18/37 hp.
MASSIVE DAMAGE!! (PAUSE) Unknown command.
It was a potion of resistance.
You feel protected.
The goblin throws a stone.
The stone completely misses you. Something hits you.
* * * LOW HITPOINT WARNING * * *
The orc hits you with a +0 flail.
* * * LOW HITPOINT WARNING * * *
😨 HP[-5]
You take 5 damage, and now have 13/37 hp.
It was a potion of mutation.
You feel extremely strange.
You feel agile.
You feel stupid.
Iridescent scales grow over part of your body.
You feel less confused. You block something's attack.
The orc closely misses you.
Unknown command.
Okay, then.
A red film seems to cover your vision as you go berserk!
You feel yourself moving faster!
You feel mighty! Something hits you but does no damage.
The goblin throws a stone.
You block the stone.
The orc hits you but does no damage. 😨 HP[+7]
You now have 55 max hp (+18).
You regained 7 hp, and now have 20/55 hp.
You hit the orc. You closely miss something.
The orc priest invokes the aid of Beogh against you.
Beogh smites you!
* * * LOW HITPOINT WARNING * * *
The goblin throws a stone.
You block the stone.
You hear some strange, mumbled words.
Something tries to affect you, but you resist.
The orc misses you. 😱 HP[-9]
You take 9 damage, and now have 11/55 hp.
You hit the orc. You slash something! Something hits you but does no damage.
The orc hits you with a +0 flail.
* * * LOW HITPOINT WARNING * * *
😱 HP[-3]
You take 3 damage, and now have 8/55 hp.
You slash the orc!
You kill the orc!
Trog accepts your kill.
You closely miss something.
The orc priest calls down the wrath of Beogh upon you.
Beogh smites you!
You die...

Skill      XL: |  1  2  3  4 |
---------------+-------------+-----
Invocations    | 1 |  1.5
Fighting       | 1 |  1.4
Long Blades    | 1 |  1.4
Axes           | 1 |  1.4
Maces & Flails | 1 |  1.4
Staves         | 1 |  1.4
Slings         | 1 |  1.4
Bows           | 1 |  1.4
Crossbows      | 1 |  1.4
Dodging        | 1 |  1.4
Stealth        | 1 |  1.4
Shields        | 1 |  1.4
Unarmed Combat | 1 |  1.4
Evocations     | 1 |  1.4
Spellcasting   | 3 |  3.1
Conjurations   | 1 |  1.1
Hexes          | 1 |  1.1
Summonings     | 1 |  1.1
Necromancy     | 1 |  1.1
Translocations | 1 |  1.1
Transmutations | 1 |  1.1
Fire Magic     | 1 |  1.1
Ice Magic      | 1 |  1.1
Air Magic      | 1 |  1.1
Earth Magic    | 1 |  1.1
Poison Magic   | 1 |  1.1
Short Blades   | |  4.7
Polearms       | |  8.6
Throwing       | |  2.9
Armour         | |  4.7

Action                   |  1- 3 |  4- 6 || total
-------------------------+-------+-------++-------
Melee: Spear             |    93 |       ||    93
       Bite              |     1 |     3 ||     4
       Hand axe          |     5 |    35 ||    40
Throw: Boomerang         |    28 |    32 ||    60
       Stone             |       |     5 ||     5
Invok: Berserk           |       |     1 ||     1
  Use: Potion            |       |     2 ||     2
 Stab: Sleeping          |     1 |       ||     1
Armor: Leather armour    |    17 |    14 ||    31
Dodge: Dodged            |    29 |    16 ||    45
Block: Tower shield      |    37 |    22 ||    59

Levels and vault maps discovered:
D:1:      tarquinn_simple_flora_water_f, layout_basic, serial_shops, shop,
          basic_ecumenical_altar, minmay_gold_behind_fungi,
          hangedman_decor_push, minmay_stone_trees_small,
          minmay_misc_feat_encased, minmay_misc_feat_enclosed
D:2:      minmay_skewed_foursquare, layout_loops_ring, minmay_misc_feat_tiny,
          kennysheep_generic_room_9
D:3:      layout_loops_ring, zin_scriptorium, trog_butcher_becter

Notes
Turn   | Place    | Note
-------+----------+-------------------------------------------
     0 | D:1      | spaghetti the Gnoll Wanderer began the quest for the Orb.
     0 | D:1      | spaghetti set off with the following items: a +2 spear
                  | {polearm}, a +0 short sword {short}, 7 boomerangs
                  | {throwing}, a +0 dagger {short}, a scroll of blinking {!r},
                  | a +0 leather armour
     0 | D:1      | Reached XP level 1. HP: 13/13 MP: 4/4
     0 | D:1      | magus.rc [v1.9.6]
    54 | D:1      | Found a faded altar of an unknown god.
    65 | D:1      | Reached XP level 2. HP: 18/19 MP: 5/5
    68 | D:1      | Prayed at the altar of an unknown god.
    68 | D:1      | Became a worshipper of Trog the Wrathful
    68 | D:1      | Reached * piety under Trog
   105 | D:1      | Found Putew's Assorted Antiques.
   433 | D:1      | Bought a shiny tower shield for 150 gold pieces
   619 | D:1      | Reached XP level 3. HP: 25/25 MP: 7/7
   622 | D:1      | You add the spells Malign Gateway and Summon Horrible
                  | Things to your library.
  1135 | D:2      | Reached skill level 1 in Invocations
  1265 | D:2      | Reached skill level 1 in Fighting
  1265 | D:2      | Reached skill level 1 in Long Blades
  1265 | D:2      | Reached skill level 1 in Axes
  1265 | D:2      | Reached skill level 1 in Maces & Flails
  1265 | D:2      | Reached skill level 1 in Staves
  1265 | D:2      | Reached skill level 1 in Slings
  1265 | D:2      | Reached skill level 1 in Bows
  1265 | D:2      | Reached skill level 1 in Crossbows
  1265 | D:2      | Reached skill level 1 in Dodging
  1265 | D:2      | Reached skill level 1 in Stealth
  1265 | D:2      | Reached skill level 1 in Shields
  1265 | D:2      | Reached skill level 1 in Unarmed Combat
  1265 | D:2      | Reached skill level 1 in Evocations
  1447 | D:2      | Identified the +2 leather armour of the Buccaneer {rElec
                  | Str-3 Dex+8}
  1522 | D:2      | Reached ** piety under Trog
  1530 | D:2      | Reached XP level 4. HP: 28/32 MP: 8/8
  1865 | D:3      | Reached skill level 3 in Spellcasting
  1878 | D:3      | Reached skill level 1 in Conjurations
  1878 | D:3      | Reached skill level 1 in Hexes
  1878 | D:3      | Reached skill level 1 in Summonings
  1878 | D:3      | Reached skill level 1 in Necromancy
  1878 | D:3      | Reached skill level 1 in Translocations
  1878 | D:3      | Reached skill level 1 in Transmutations
  1878 | D:3      | Reached skill level 1 in Fire Magic
  1878 | D:3      | Reached skill level 1 in Ice Magic
  1878 | D:3      | Reached skill level 1 in Air Magic
  1878 | D:3      | Reached skill level 1 in Earth Magic
  1878 | D:3      | Reached skill level 1 in Poison Magic
  2061 | D:3      | Reached XP level 5. HP: 32/37 MP: 9/9
  2185 | D:3      | Found a glowing silver altar of Zin.
  2295 | D:3      | Found a bloodstained altar of Trog.
  2381 | D:3      | Gained mutation: You are agile. (Dex +2) [potion of
                  | mutation]
  2381 | D:3      | Gained mutation: You are dopey. (Int -2) [potion of
                  | mutation]
  2381 | D:3      | Gained mutation: You are partially covered in iridescent
                  | scales. (AC +2) [potion of mutation]
  2383 | D:3      | HP: 11/55 [orc priest/divine providence (9)]
  2385 | D:3      | Killed from afar by an orc priest

Vanquished Creatures
  A hound (D:3)
  An orc wizard (D:3)
  An adder (D:2)
  A worm (D:2)
  A dart slug (D:1)
  7 orcs (D:3)
  6 ball pythons
  5 endoplasms
  2 giant cockroaches
  7 goblins
  5 hobgoblins
  6 kobolds
  3 quokkas
  7 bats
  5 frilled lizards
  7 rats
65 creatures vanquished.

Vanquished Creatures (others)
  4 toadstools (D:1)
4 creatures vanquished.

Grand Total: 69 creatures vanquished

Table legend:
 A = Non-vault XP
 B = Vault XP
 C = Vault XP percentage of total XP
 D = Non-vault monster count
 E = Vault monster count
 F = Vault count percentage of total count
                 A         B        C        D         E       F
            +---------+---------+-------+---------+---------+-------
      Total |     177 |      27 |  13.2 |      55 |      10 |  15.4
            +---------+---------+-------+---------+---------+-------
        D:1 |      38 |       0 |   0.0 |      22 |       0 |   0.0
        D:2 |      25 |      21 |  45.7 |      13 |       6 |  31.6
        D:3 |     114 |       6 |   5.0 |      20 |       4 |  16.7
            +---------+---------+-------+---------+---------+-------

Illustrated notes

Table legend:
 A = Kills in this place as a percentage of kills in entire the game.
 B = Kills by you in this place as a percentage of kills by you in the entire game.
 C = Kills by friends in this place as a percentage of kills by friends in the entire game.
 D = Other kills in this place as a percentage of other kills in the entire game.
 E = Experience gained in this place as a percentage of experience gained in the entire game.
 F = Experience gained in this place divided by the number of levels of this place that you have seen.
                   A       B       C       D       E      F
               +-------+-------+-------+-------+-------+----------------------
         Total | 100.0 | 100.0 |   N/A |   N/A | 100.0 |  68.0
       Dungeon | 100.0 | 100.0 |   N/A |   N/A | 100.0 |  68.0
               +-------+-------+-------+-------+-------+----------------------

Table legend: (Time is in decaauts)
 A = Elapsed time spent in this place.
 B = Non-inter-level travel time spent in this place.
 C = Inter-level travel time spent in this place.
 D = Time resting spent in this place.
 E = Time spent auto-exploring this place.
 F = Levels seen in this place.
 G = Mean time per level.
                   A        B        C        D        E       F      G
               +--------+--------+--------+--------+--------+-----+--------+
         Total |   2441 |   2389 |     52 |    110 |   1887 |   3 |  813.7 |
       Dungeon |   2441 |   2389 |     52 |    110 |   1887 |   3 |  813.7 |
               +--------+--------+--------+--------+--------+-----+--------+

Top non-repeatable levels by time:
     D:2: 918 daAuts
     D:1: 821 daAuts
     D:3: 701 daAuts
